[ PARTIDA AOE2 · #475175743 ]
UnrankedTurcos vs Portuguese
Equipo del jugador · DERR
[ ANÁLISIS DE REPETICIÓN · EXTRAÍDO DE LA PARTIDA GRABADA ]
Feudal
9:30
Castillos
22:33
Imperial
53:54
| APM promedio | 27.4 |
| APM pico | 63 |
| eAPM promedio | 17.4 |
| Aldeanos / militares | 304 / 110 |
Foco
⚔️ 27.9% · 🌾 72.1%
Janissary ×54 · Trade Cart ×43 · Hand Cannoneer ×41 · Archer ×6 · Bombard Cannon ×4 · Militia ×3
Feudal
11:27
Castillos
15:05
Imperial
33:47
| APM promedio | 60.0 |
| APM pico | 108 |
| eAPM promedio | 28.6 |
| Aldeanos / militares | 177 / 336 |
Foco
⚔️ 42.4% · 🌾 57.6%
Knight ×236 · Scout Cavalry ×92 · Trade Cart ×47 · Battering Ram ×8
Feudal
12:09
Castillos
16:14
Imperial
37:27
| APM promedio | 37.0 |
| APM pico | 79 |
| eAPM promedio | 16.3 |
| Aldeanos / militares | 127 / 236 |
Foco
⚔️ 24.3% · 🌾 75.7%
Archer ×117 · Skirmisher ×57 · Hand Cannoneer ×41 · Spearman ×21 · Trade Cart ×6
Feudal
9:16
Castillos
21:48
Imperial
36:45
| APM promedio | 46.5 |
| APM pico | 79 |
| eAPM promedio | 24.4 |
| Aldeanos / militares | 122 / 306 |
Foco
⚔️ 50.7% · 🌾 49.3%
Hand Cannoneer ×133 · Archer ×76 · Skirmisher ×69 · Trade Cart ×49 · Battering Ram ×20 · Trebuchet (Packed) ×4
Feudal
11:01
Castillos
14:52
Imperial
34:05
| APM promedio | 53.0 |
| APM pico | 98 |
| eAPM promedio | 30.5 |
| Aldeanos / militares | 196 / 586 |
Foco
⚔️ 59.8% · 🌾 40.2%
Spearman ×258 · Eagle Scout ×229 · Jaguar Warrior ×79 · Trade Cart ×15 · Monk ×14 · Mangonel ×6
Feudal
11:00
Castillos
16:02
Imperial
40:10
| APM promedio | 34.0 |
| APM pico | 79 |
| eAPM promedio | 20.2 |
| Aldeanos / militares | 182 / 525 |
Foco
⚔️ 28.5% · 🌾 71.5%
Scout Cavalry ×434 · Ratha (Ranged) ×60 · Battle Elephant ×29 · Trebuchet (Packed) ×2
Feudal
10:19
Castillos
23:26
Imperial
—
| APM promedio | 29.2 |
| APM pico | 61 |
| eAPM promedio | 15.2 |
| Aldeanos / militares | 208 / 137 |
Foco
⚔️ 28.3% · 🌾 71.7%
Scout Cavalry ×85 · Knight ×39 · Spearman ×13 · Trade Cart ×6
Feudal
11:27
Castillos
15:51
Imperial
43:08
| APM promedio | 54.5 |
| APM pico | 100 |
| eAPM promedio | 23.3 |
| Aldeanos / militares | 152 / 273 |
Foco
⚔️ 62.9% · 🌾 37.1%
Bolas Rider ×203 · Spearman ×48 · Trebuchet (Packed) ×10 · Petard ×4 · Mangonel ×3 · Battering Ram ×3
Mapa de la partida
Recursos iniciales + cada clic de construcción. Líneas = muros · curvas = relieve. ◆ oro · ⬟ piedra · ● bayas · ✦ reliquia · ◌ hueco del cierre
Inputs por minuto
— Nduku - - OS | Gr0uch0_
Build order — Nduku
Primeras 150 de 441 acciones detectadas
| 0:01 | Crear | Villager (Male) ×4 |
| 0:03 | Construir | House |
| 0:04 | Construir | House |
| 1:32 | Crear | Villager (Male) |
| 1:32 | Crear | Villager (Male) |
| 1:44 | Crear | Villager (Male) |
| 1:44 | Crear | Villager (Male) |
| 1:50 | Construir | Lumber Camp |
| 2:25 | Crear | Villager (Male) |
| 2:25 | Crear | Villager (Male) |
| 2:58 | Crear | Villager (Male) |
| 2:58 | Crear | Villager (Male) |
| 3:31 | Crear | Villager (Male) |
| 3:31 | Crear | Villager (Male) |
| 3:46 | Crear | Villager (Male) |
| 3:46 | Crear | Villager (Male) |
| 4:03 | Crear | Villager (Male) |
| 4:03 | Crear | Villager (Male) |
| 4:10 | Construir | House |
| 4:14 | Construir | House |
| 4:23 | Crear | Villager (Male) |
| 4:24 | Crear | Villager (Male) |
| 4:24 | Crear | Villager (Male) |
| 5:27 | Crear | Villager (Male) |
| 5:29 | Crear | Villager (Male) |
| 5:29 | Crear | Villager (Male) |
| 5:58 | Construir | Mining Camp |
| 6:07 | Construir | Mill |
| 6:55 | Investigar | Loom |
| 7:14 | Investigar | Feudal Age |
| 7:47 | Construir | Barracks |
| 8:30 | Crear | Militia |
| 8:30 | Crear | Militia |
| 8:32 | Crear | Militia |
| 8:55 | Construir | House |
| 8:57 | Construir | House |
| 9:14 | Crear | Villager (Male) |
| 9:14 | Crear | Villager (Male) |
| 9:30 | Edad | Edad Feudal |
| 9:34 | Investigar | Man-at-Arms (upgrade) |
| 9:44 | Construir | Mining Camp |
| 10:07 | Crear | Villager (Male) |
| 10:08 | Crear | Villager (Male) |
| 10:15 | Construir | Watch Tower |
| 10:28 | Construir | Archery Range |
| 10:43 | Crear | Villager (Male) |
| 10:43 | Crear | Villager (Male) |
| 10:46 | Construir | Farm |
| 11:33 | Construir | Watch Tower |
| 11:38 | Crear | Archer |
| 11:38 | Crear | Archer |
| 11:43 | Crear | Villager (Male) |
| 11:43 | Crear | Villager (Male) |
| 11:58 | Crear | Archer |
| 12:00 | Crear | Villager (Male) |
| 12:13 | Construir | Farm |
| 12:22 | Crear | Villager (Male) |
| 12:22 | Crear | Villager (Male) |
| 12:32 | Construir | Outpost |
| 12:41 | Construir | Farm |
| 12:43 | Construir | Farm |
| 12:52 | Crear | Villager (Male) |
| 12:52 | Crear | Villager (Male) |
| 13:03 | Construir | Farm |
| 13:28 | Construir | Watch Tower |
| 13:33 | Crear | Skirmisher |
| 13:34 | Crear | Skirmisher |
| 13:35 | Crear | Villager (Male) |
| 13:41 | Construir | House |
| 14:06 | Construir | Building 490 |
| 14:11 | Construir | Building 487 |
| 14:15 | Crear | Villager (Male) |
| 14:15 | Crear | Villager (Male) |
| 14:16 | Crear | Villager (Male) |
| 14:17 | Construir | Farm |
| 14:42 | Crear | Archer |
| 14:42 | Crear | Archer |
| 14:52 | Construir | Stone Wall |
| 15:09 | Construir | Stone Wall |
| 15:20 | Crear | Archer |
| 15:23 | Crear | Villager (Male) |
| 15:24 | Crear | Villager (Male) |
| 15:26 | Construir | Farm |
| 15:28 | Construir | Farm |
| 15:46 | Construir | Stone Wall |
| 16:05 | Crear | Villager (Male) |
| 16:06 | Crear | Villager (Male) |
| 16:07 | Construir | Farm |
| 16:09 | Construir | Farm |
| 16:27 | Construir | House |
| 16:27 | Construir | House |
| 16:32 | Investigar | Wheelbarrow |
| 17:01 | Construir | Building 487 |
| 17:04 | Construir | Palisade Wall |
| 17:06 | Construir | Palisade Wall |
| 17:21 | Crear | Villager (Male) |
| 17:22 | Crear | Villager (Male) |
| 17:34 | Construir | Stone Wall |
| 17:37 | Construir | Stone Wall |
| 17:45 | Crear | Villager (Male) |
| 17:45 | Crear | Villager (Male) |
| 17:54 | Construir | Blacksmith |
| 18:06 | Crear | Villager (Male) |
| 18:14 | Construir | Stone Wall |
| 18:16 | Construir | Building 487 |
| 18:26 | Construir | Farm |
| 18:27 | Crear | Villager (Male) |
| 18:47 | Construir | Stone Wall |
| 19:08 | Construir | Building 487 |
| 19:25 | Construir | Building 487 |
| 19:47 | Investigar | Castle Age |
| 19:47 | Investigar | Castle Age |
| 20:37 | Construir | Stone Wall |
| 20:55 | Construir | Stone Wall |
| 21:39 | Construir | House |
| 22:29 | Crear | Villager (Male) |
| 22:30 | Crear | Villager (Male) |
| 22:33 | Edad | Edad de los Castillos |
| 23:31 | Construir | Farm |
| 24:07 | Construir | Town Center |
| 24:17 | Construir | Town Center |
| 24:26 | Construir | Stone Wall |
| 24:30 | Construir | Stone Wall |
| 24:38 | Construir | Stone Wall |
| 24:39 | Construir | Stone Wall |
| 24:40 | Construir | Stone Wall |
| 26:25 | Crear | Villager (Male) ×5 |
| 26:56 | Crear | Villager (Male) |
| 26:56 | Crear | Villager (Male) |
| 26:57 | Construir | Farm |
| 27:00 | Construir | Farm |
| 27:01 | Construir | Farm |
| 27:18 | Construir | Farm |
| 27:39 | Construir | Farm |
| 27:44 | Construir | Farm |
| 27:50 | Construir | Farm |
| 28:02 | Crear | Villager (Male) |
| 28:02 | Crear | Villager (Male) |
| 28:06 | Construir | Farm |
| 28:07 | Construir | Farm |
| 28:32 | Construir | Farm |
| 28:44 | Crear | Villager (Male) |
| 28:49 | Crear | Villager (Male) |
| 28:50 | Crear | Villager (Male) |
| 28:55 | Construir | Farm |
| 29:14 | Crear | Villager (Male) |
| 29:14 | Crear | Villager (Male) |
| 29:18 | Construir | Farm |
| 29:26 | Crear | Villager (Male) |
| 29:26 | Crear | Villager (Male) |
Build order — OS | Gr0uch0_
Primeras 150 de 777 acciones detectadas
| 0:01 | Crear | Villager (Male) ×4 |
| 0:02 | Construir | House |
| 0:05 | Construir | House |
| 1:33 | Crear | Villager (Male) |
| 1:33 | Crear | Villager (Male) |
| 1:49 | Construir | Lumber Camp |
| 2:02 | Crear | Villager (Male) |
| 2:02 | Crear | Villager (Male) |
| 2:19 | Crear | Villager (Male) |
| 2:19 | Crear | Villager (Male) |
| 2:49 | Crear | Villager (Male) |
| 2:50 | Crear | Villager (Male) |
| 3:05 | Crear | Villager (Male) |
| 3:06 | Crear | Villager (Male) |
| 3:41 | Crear | Villager (Male) |
| 3:49 | Construir | House |
| 3:50 | Construir | House |
| 3:56 | Crear | Villager (Male) |
| 4:20 | Construir | Mill |
| 4:31 | Crear | Villager (Male) |
| 4:31 | Crear | Villager (Male) |
| 4:52 | Crear | Villager (Male) |
| 4:53 | Crear | Villager (Male) |
| 5:19 | Crear | Villager (Male) |
| 5:19 | Crear | Villager (Male) |
| 5:32 | Crear | Villager (Male) |
| 5:52 | Crear | Villager (Male) |
| 5:52 | Crear | Villager (Male) |
| 5:52 | Crear | Villager (Male) |
| 6:09 | Crear | Villager (Male) |
| 6:31 | Crear | Villager (Male) |
| 7:09 | Crear | Villager (Male) |
| 7:11 | Construir | House |
| 7:31 | Crear | Villager (Male) |
| 7:35 | Construir | Lumber Camp |
| 7:51 | Crear | Villager (Male) |
| 8:12 | Construir | Farm |
| 8:14 | Construir | Farm |
| 8:17 | Construir | Farm |
| 9:17 | Investigar | Feudal Age |
| 9:22 | Construir | Mining Camp |
| 10:03 | Crear | Villager (Male) |
| 10:03 | Crear | Villager (Male) |
| 10:07 | Construir | Barracks |
| 11:27 | Edad | Edad Feudal |
| 11:29 | Construir | Stable |
| 11:38 | Construir | Blacksmith |
| 12:25 | Investigar | Castle Age |
| 12:25 | Investigar | Castle Age |
| 12:31 | Construir | Farm |
| 12:32 | Investigar | Double-Bit Axe |
| 12:41 | Construir | Farm |
| 12:51 | Construir | Farm |
| 12:59 | Investigar | Horse Collar |
| 13:00 | Investigar | Horse Collar |
| 13:12 | Construir | House |
| 13:13 | Construir | House |
| 13:33 | Construir | Farm |
| 13:35 | Construir | Farm |
| 13:38 | Construir | Farm |
| 13:50 | Investigar | Bloodlines |
| 13:54 | Construir | Farm |
| 14:45 | Crear | Villager (Male) |
| 15:05 | Edad | Edad de los Castillos |
| 15:06 | Crear | Knight |
| 15:07 | Crear | Knight |
| 15:07 | Crear | Knight |
| 15:07 | Crear | Knight |
| 15:08 | Crear | Villager (Male) |
| 15:17 | Construir | Town Center |
| 15:39 | Crear | Villager (Male) |
| 15:55 | Crear | Villager (Male) |
| 16:04 | Construir | Farm |
| 16:09 | Crear | Knight |
| 16:20 | Crear | Villager (Male) |
| 16:24 | Construir | Farm |
| 16:26 | Construir | Farm |
| 16:28 | Crear | Villager (Male) |
| 16:28 | Crear | Villager (Male) |
| 16:37 | Investigar | Scale Barding Armor |
| 16:37 | Investigar | Scale Barding Armor |
| 16:47 | Crear | Villager (Male) |
| 16:50 | Construir | Farm |
| 16:58 | Crear | Knight |
| 17:28 | Crear | Knight |
| 17:29 | Crear | Villager (Male) |
| 17:32 | Construir | Farm |
| 17:33 | Construir | Farm |
| 17:57 | Crear | Knight |
| 18:15 | Crear | Knight |
| 18:21 | Crear | Knight |
| 18:30 | Crear | Villager (Male) |
| 18:34 | Construir | Farm |
| 18:35 | Crear | Villager (Male) |
| 18:43 | Construir | Town Center |
| 18:44 | Crear | Knight |
| 18:44 | Crear | Knight |
| 19:05 | Crear | Villager (Male) |
| 19:09 | Crear | Knight |
| 19:18 | Crear | Villager (Male) |
| 19:23 | Construir | House |
| 19:24 | Construir | House |
| 19:25 | Construir | House |
| 19:44 | Crear | Knight |
| 19:48 | Crear | Villager (Male) |
| 20:06 | Crear | Villager (Male) |
| 20:07 | Crear | Knight |
| 20:24 | Crear | Villager (Male) |
| 20:25 | Construir | Farm |
| 20:49 | Crear | Knight |
| 20:57 | Crear | Villager (Male) |
| 21:00 | Crear | Villager (Male) |
| 21:09 | Crear | Villager (Male) |
| 21:12 | Construir | Farm |
| 21:14 | Crear | Villager (Male) |
| 21:21 | Crear | Villager (Male) |
| 21:24 | Construir | Farm |
| 21:25 | Construir | Farm |
| 21:26 | Construir | Farm |
| 21:27 | Construir | Farm |
| 21:28 | Construir | Farm |
| 21:31 | Crear | Knight |
| 22:01 | Crear | Villager (Male) |
| 22:07 | Construir | Stable |
| 22:09 | Crear | Villager (Male) |
| 22:11 | Construir | Farm |
| 22:17 | Crear | Knight |
| 22:18 | Crear | Villager (Male) |
| 22:30 | Investigar | Wheelbarrow |
| 22:32 | Investigar | Heavy Plow |
| 22:36 | Investigar | Bow Saw |
| 22:36 | Investigar | Bow Saw |
| 22:41 | Construir | Farm |
| 22:42 | Construir | Farm |
| 22:47 | Crear | Villager (Male) |
| 22:51 | Construir | Farm |
| 23:01 | Crear | Villager (Male) |
| 23:08 | Crear | Villager (Male) |
| 23:08 | Crear | Villager (Male) |
| 23:12 | Crear | Knight |
| 23:25 | Crear | Knight |
| 23:27 | Crear | Villager (Male) |
| 23:31 | Construir | Farm |
| 23:33 | Construir | Farm |
| 24:04 | Investigar | Chain Barding Armor |
| 24:04 | Investigar | Chain Barding Armor |
| 24:21 | Crear | Knight |
| 24:21 | Crear | Villager (Male) |
| 24:37 | Crear | Villager (Male) |
| 24:37 | Crear | Villager (Male) |
Build order — Coach_E
Primeras 150 de 427 acciones detectadas
| 0:03 | Crear | Villager (Male) |
| 0:03 | Crear | Villager (Male) |
| 0:03 | Crear | Villager (Male) |
| 0:03 | Crear | Villager (Male) |
| 0:04 | Crear | Villager (Male) |
| 0:05 | Construir | House |
| 0:06 | Construir | House |
| 0:34 | Investigar | Loom |
| 1:32 | Crear | Villager (Male) |
| 1:32 | Crear | Villager (Male) |
| 1:50 | Construir | Lumber Camp |
| 2:10 | Crear | Villager (Male) |
| 2:24 | Crear | Villager (Male) |
| 2:24 | Crear | Villager (Male) |
| 2:24 | Crear | Villager (Male) |
| 2:54 | Crear | Villager (Male) |
| 2:54 | Crear | Villager (Male) |
| 3:11 | Crear | Villager (Male) |
| 3:12 | Crear | Villager (Male) |
| 3:45 | Crear | Villager (Male) |
| 3:47 | Construir | House |
| 3:48 | Construir | House |
| 3:49 | Construir | House |
| 3:53 | Crear | Villager (Male) |
| 3:54 | Crear | Villager (Male) |
| 4:30 | Crear | Villager (Male) |
| 4:31 | Crear | Villager (Male) |
| 5:07 | Construir | Mill |
| 5:12 | Crear | Villager (Male) |
| 5:12 | Crear | Villager (Male) |
| 5:53 | Crear | Villager (Male) |
| 5:54 | Crear | Villager (Male) |
| 6:17 | Crear | Villager (Male) |
| 6:44 | Crear | Villager (Male) |
| 7:10 | Crear | Villager (Male) |
| 7:15 | Construir | Mining Camp |
| 7:31 | Crear | Villager (Male) |
| 8:07 | Crear | Villager (Male) |
| 8:27 | Crear | Villager (Male) |
| 8:50 | Crear | Villager (Male) |
| 8:56 | Construir | Mill |
| 9:34 | Crear | Villager (Male) |
| 9:46 | Investigar | Feudal Age |
| 10:07 | Construir | Barracks |
| 10:34 | Construir | House |
| 10:35 | Construir | House |
| 10:35 | Construir | House |
| 11:51 | Crear | Villager (Male) |
| 11:51 | Crear | Villager (Male) |
| 12:09 | Edad | Edad Feudal |
| 12:14 | Construir | Market |
| 12:21 | Construir | Blacksmith |
| 12:36 | Construir | House |
| 12:38 | Construir | House |
| 12:48 | Construir | Mining Camp |
| 12:53 | Crear | Villager (Male) |
| 13:34 | Investigar | Castle Age |
| 13:49 | Construir | House |
| 13:51 | Construir | House |
| 13:52 | Construir | House |
| 14:15 | Construir | Archery Range |
| 14:22 | Investigar | Horse Collar |
| 14:27 | Construir | Farm |
| 14:29 | Construir | Farm |
| 14:32 | Construir | Farm |
| 14:34 | Construir | Farm |
| 14:36 | Construir | Farm |
| 14:39 | Construir | Farm |
| 15:15 | Construir | Farm |
| 15:21 | Construir | Farm |
| 15:41 | Construir | Farm |
| 16:00 | Crear | Villager (Male) |
| 16:05 | Investigar | Double-Bit Axe |
| 16:14 | Edad | Edad de los Castillos |
| 16:17 | Construir | Mining Camp |
| 16:21 | Crear | Archer |
| 16:21 | Crear | Archer |
| 16:21 | Crear | Archer |
| 16:34 | Crear | Villager (Male) |
| 16:52 | Construir | Town Center |
| 17:00 | Crear | Villager (Male) |
| 17:17 | Crear | Villager (Male) |
| 17:26 | Crear | Archer |
| 17:57 | Investigar | Crossbowman (upgrade) |
| 18:26 | Investigar | Fletching |
| 18:26 | Investigar | Fletching |
| 18:30 | Construir | Farm |
| 18:32 | Construir | Farm |
| 18:34 | Construir | Farm |
| 18:36 | Construir | Farm |
| 18:38 | Crear | Villager (Male) |
| 19:19 | Crear | Archer |
| 19:19 | Crear | Archer |
| 19:26 | Construir | Archery Range |
| 19:31 | Crear | Villager (Male) |
| 19:31 | Crear | Villager (Male) |
| 19:32 | Crear | Villager (Male) |
| 19:51 | Crear | Archer |
| 19:51 | Crear | Archer |
| 19:53 | Crear | Villager (Male) |
| 19:58 | Crear | Villager (Male) |
| 20:19 | Crear | Archer |
| 20:19 | Crear | Archer |
| 20:28 | Construir | Farm |
| 20:34 | Crear | Villager (Male) |
| 20:36 | Crear | Villager (Male) |
| 20:36 | Crear | Villager (Male) |
| 20:40 | Crear | Archer ×4 |
| 20:47 | Construir | Archery Range |
| 21:03 | Crear | Archer |
| 21:04 | Crear | Archer |
| 21:05 | Crear | Villager (Male) |
| 21:07 | Crear | Villager (Male) |
| 22:13 | Investigar | Thumb Ring |
| 22:13 | Investigar | Thumb Ring |
| 22:14 | Crear | Archer ×4 |
| 22:24 | Construir | House |
| 22:26 | Crear | Villager (Male) |
| 22:29 | Crear | Villager (Male) |
| 22:29 | Crear | Villager (Male) |
| 22:40 | Investigar | Bodkin Arrow |
| 22:42 | Crear | Archer ×2 |
| 23:01 | Crear | Archer |
| 23:06 | Crear | Archer |
| 23:06 | Crear | Archer |
| 23:08 | Crear | Villager (Male) |
| 23:10 | Investigar | Town Watch |
| 23:11 | Crear | Villager (Male) |
| 23:17 | Construir | House |
| 23:19 | Construir | House |
| 23:20 | Construir | House |
| 24:06 | Crear | Archer ×5 |
| 24:07 | Crear | Archer |
| 24:17 | Construir | Archery Range |
| 24:18 | Construir | Archery Range |
| 24:21 | Crear | Villager (Male) |
| 24:23 | Crear | Villager (Male) |
| 24:29 | Investigar | Bow Saw |
| 24:31 | Investigar | Padded Archer Armor |
| 25:11 | Crear | Archer ×5 |
| 25:14 | Crear | Villager (Male) |
| 25:20 | Crear | Archer ×2 |
| 25:21 | Crear | Villager (Male) |
| 25:23 | Crear | Villager (Male) |
| 25:23 | Crear | Villager (Male) |
| 25:30 | Construir | Mining Camp |
| 25:35 | Investigar | Gold Mining |
| 25:37 | Crear | Archer ×2 |
| 26:08 | Crear | Villager (Male) |
| 26:15 | Construir | University |
Build order — OS | Pierovic
Primeras 150 de 657 acciones detectadas
| 0:02 | Crear | Villager (Male) |
| 0:02 | Crear | Villager (Male) |
| 0:02 | Crear | Villager (Male) |
| 0:03 | Construir | House |
| 0:04 | Construir | House |
| 0:09 | Crear | Villager (Male) |
| 1:26 | Crear | Villager (Male) |
| 1:26 | Crear | Villager (Male) |
| 1:49 | Construir | Lumber Camp |
| 2:01 | Crear | Villager (Male) |
| 2:24 | Crear | Villager (Male) |
| 2:25 | Crear | Villager (Male) |
| 2:47 | Crear | Villager (Male) |
| 3:12 | Construir | House |
| 3:43 | Crear | Villager (Male) |
| 3:43 | Crear | Villager (Male) |
| 4:01 | Crear | Villager (Male) |
| 4:19 | Crear | Villager (Male) |
| 4:35 | Crear | Villager (Male) |
| 5:08 | Crear | Villager (Male) |
| 5:46 | Crear | Villager (Male) |
| 5:57 | Construir | Mining Camp |
| 6:37 | Crear | Villager (Male) |
| 6:38 | Investigar | Loom |
| 6:41 | Investigar | Loom |
| 7:05 | Investigar | Feudal Age |
| 7:41 | Construir | Lumber Camp |
| 8:24 | Construir | Barracks |
| 8:25 | Construir | House |
| 8:40 | Crear | Villager (Male) |
| 9:16 | Edad | Edad Feudal |
| 9:24 | Construir | Archery Range |
| 9:28 | Crear | Villager (Male) |
| 9:36 | Investigar | Double-Bit Axe |
| 9:54 | Crear | Villager (Male) |
| 9:56 | Construir | House |
| 10:13 | Crear | Archer |
| 10:18 | Construir | House |
| 10:29 | Crear | Archer |
| 10:34 | Construir | Blacksmith |
| 10:41 | Crear | Villager (Male) |
| 10:43 | Crear | Archer |
| 11:00 | Construir | House |
| 11:01 | Construir | House |
| 11:16 | Crear | Villager (Male) |
| 11:18 | Construir | Mill |
| 11:31 | Crear | Archer |
| 11:39 | Crear | Villager (Male) |
| 11:50 | Crear | Archer |
| 11:52 | Construir | House |
| 12:18 | Construir | House |
| 12:22 | Construir | Farm |
| 12:24 | Construir | Farm |
| 12:25 | Crear | Villager (Male) |
| 12:34 | Crear | Villager (Male) |
| 12:39 | Construir | House |
| 12:47 | Construir | Palisade Gate |
| 12:55 | Crear | Archer |
| 13:02 | Crear | Villager (Male) |
| 13:04 | Construir | Farm |
| 13:06 | Construir | Farm |
| 13:19 | Crear | Archer |
| 13:40 | Crear | Villager (Male) |
| 13:49 | Investigar | Fletching |
| 13:51 | Crear | Archer |
| 13:56 | Construir | House |
| 14:14 | Construir | Farm |
| 14:15 | Construir | Farm |
| 14:16 | Construir | Farm |
| 14:22 | Crear | Villager (Male) |
| 14:34 | Crear | Archer |
| 14:37 | Construir | House |
| 15:06 | Crear | Archer |
| 15:10 | Construir | Farm |
| 15:11 | Crear | Villager (Male) |
| 15:12 | Crear | Archer |
| 15:13 | Crear | Spearman |
| 15:14 | Crear | Spearman |
| 15:20 | Construir | House |
| 15:22 | Construir | House |
| 15:27 | Crear | Villager (Male) |
| 15:52 | Crear | Villager (Male) |
| 15:54 | Construir | Farm |
| 15:58 | Construir | Farm |
| 16:02 | Construir | Farm |
| 16:05 | Crear | Archer |
| 16:27 | Crear | Spearman |
| 16:29 | Crear | Villager (Male) |
| 16:49 | Construir | Farm |
| 16:51 | Crear | Archer |
| 17:03 | Crear | Villager (Male) |
| 17:13 | Crear | Villager (Male) |
| 17:37 | Crear | Archer |
| 18:07 | Crear | Archer |
| 18:08 | Crear | Archer |
| 18:25 | Crear | Villager (Male) |
| 18:28 | Construir | Archery Range |
| 18:34 | Crear | Villager (Male) |
| 18:46 | Construir | Archery Range |
| 19:08 | Investigar | Castle Age |
| 19:11 | Crear | Archer |
| 20:02 | Crear | Archer |
| 20:02 | Crear | Archer |
| 20:30 | Crear | Archer |
| 20:31 | Crear | Archer |
| 20:44 | Crear | Archer |
| 20:44 | Crear | Archer |
| 21:09 | Investigar | Horse Collar |
| 21:12 | Construir | Lumber Camp |
| 21:15 | Construir | Lumber Camp |
| 21:17 | Crear | Villager (Male) |
| 21:48 | Edad | Edad de los Castillos |
| 21:51 | Investigar | Crossbowman (upgrade) |
| 21:52 | Investigar | Thumb Ring |
| 21:55 | Crear | Villager (Male) |
| 22:03 | Crear | Villager (Male) |
| 22:27 | Investigar | Bodkin Arrow |
| 22:48 | Crear | Villager (Male) |
| 23:08 | Crear | Villager (Male) |
| 23:20 | Construir | University |
| 23:24 | Crear | Archer |
| 23:24 | Crear | Archer |
| 23:29 | Investigar | Padded Archer Armor |
| 23:39 | Crear | Archer |
| 23:40 | Crear | Archer |
| 23:49 | Crear | Villager (Male) |
| 24:09 | Crear | Villager (Male) |
| 24:11 | Crear | Archer |
| 24:11 | Crear | Archer |
| 24:15 | Construir | Town Center |
| 25:07 | Crear | Archer |
| 25:07 | Crear | Archer |
| 25:08 | Crear | Villager (Male) |
| 25:10 | Investigar | Ballistics |
| 25:41 | Crear | Archer |
| 25:42 | Crear | Archer |
| 25:45 | Investigar | Leather Archer Armor |
| 25:46 | Crear | Villager (Male) |
| 25:47 | Investigar | Bow Saw |
| 25:57 | Crear | Villager (Male) |
| 26:03 | Crear | Villager (Male) |
| 26:16 | Crear | Archer |
| 26:16 | Crear | Archer |
| 26:17 | Crear | Villager (Male) |
| 26:18 | Crear | Villager (Male) |
| 26:40 | Construir | Farm |
| 26:41 | Crear | Archer |
| 26:42 | Crear | Archer |
| 26:48 | Crear | Villager (Male) |
| 26:50 | Crear | Archer |
Build order — chubstorm
Primeras 150 de 659 acciones detectadas
| 0:02 | Crear | Villager (Male) |
| 0:02 | Crear | Villager (Male) |
| 0:03 | Construir | House |
| 0:04 | Construir | House |
| 0:26 | Crear | Villager (Male) |
| 0:36 | Crear | Villager (Male) |
| 1:17 | Crear | Villager (Male) |
| 1:17 | Crear | Villager (Male) |
| 1:50 | Crear | Villager (Male) |
| 2:24 | Construir | Lumber Camp |
| 2:36 | Crear | Villager (Male) |
| 2:54 | Crear | Villager (Male) |
| 3:12 | Crear | Villager (Male) |
| 3:42 | Crear | Villager (Male) |
| 3:51 | Construir | House |
| 4:03 | Crear | Villager (Male) |
| 4:29 | Crear | Villager (Male) |
| 4:29 | Crear | Villager (Male) |
| 4:50 | Construir | Mill |
| 4:51 | Crear | Villager (Male) |
| 4:52 | Crear | Villager (Male) |
| 4:54 | Construir | House |
| 5:38 | Crear | Villager (Male) |
| 5:40 | Crear | Villager (Male) |
| 6:27 | Crear | Villager (Male) |
| 6:56 | Construir | Farm |
| 6:58 | Construir | Farm |
| 7:07 | Crear | Villager (Male) |
| 7:13 | Construir | Farm |
| 7:19 | Crear | Villager (Male) |
| 7:25 | Construir | House |
| 7:39 | Crear | Villager (Male) |
| 7:53 | Crear | Villager (Male) |
| 8:34 | Investigar | Feudal Age |
| 8:45 | Construir | Mining Camp |
| 9:06 | Construir | Farm |
| 10:09 | Construir | Farm |
| 10:14 | Crear | Villager (Male) |
| 10:14 | Crear | Villager (Male) |
| 11:01 | Edad | Edad Feudal |
| 11:07 | Construir | Market |
| 11:10 | Construir | Blacksmith |
| 12:12 | Investigar | Castle Age |
| 12:48 | Construir | Barracks |
| 13:11 | Construir | House |
| 13:49 | Construir | Barracks |
| 13:59 | Investigar | Scale Mail Armor |
| 14:18 | Crear | Eagle Scout |
| 14:51 | Crear | Villager (Male) |
| 14:52 | Edad | Edad de los Castillos |
| 14:55 | Investigar | Eagle Warrior (upgrade) |
| 15:04 | Construir | House |
| 15:06 | Crear | Eagle Scout |
| 15:07 | Crear | Eagle Scout |
| 15:09 | Crear | Villager (Male) |
| 15:38 | Crear | Eagle Scout |
| 15:39 | Crear | Villager (Male) |
| 15:44 | Construir | House |
| 15:46 | Construir | Farm |
| 15:49 | Construir | Farm |
| 15:54 | Crear | Villager (Male) |
| 15:59 | Investigar | Squires |
| 16:09 | Crear | Villager (Male) |
| 16:15 | Construir | Farm |
| 16:17 | Construir | House |
| 16:26 | Construir | Farm |
| 16:39 | Crear | Villager (Male) |
| 16:41 | Crear | Eagle Scout |
| 16:41 | Crear | Eagle Scout |
| 17:19 | Crear | Villager (Male) |
| 17:32 | Crear | Villager (Male) |
| 17:47 | Construir | Town Center |
| 17:50 | Crear | Eagle Scout ×3 |
| 18:03 | Crear | Villager (Male) |
| 18:04 | Construir | House |
| 18:22 | Construir | Farm |
| 18:30 | Crear | Villager (Male) |
| 18:35 | Investigar | Forging |
| 18:46 | Construir | Palisade Wall |
| 18:48 | Construir | Farm |
| 18:55 | Crear | Villager (Male) |
| 19:04 | Construir | House |
| 19:05 | Crear | Villager (Male) |
| 19:07 | Crear | Eagle Scout |
| 19:07 | Crear | Eagle Scout |
| 19:09 | Construir | Farm |
| 19:10 | Construir | Farm |
| 19:30 | Investigar | Arson |
| 19:31 | Crear | Villager (Male) |
| 19:37 | Crear | Villager (Male) |
| 19:54 | Construir | Farm |
| 19:55 | Construir | Farm |
| 19:56 | Construir | Farm |
| 20:20 | Crear | Villager (Male) |
| 20:23 | Construir | Farm |
| 20:25 | Crear | Villager (Male) |
| 20:30 | Crear | Villager (Male) |
| 20:35 | Construir | House |
| 20:38 | Construir | Farm |
| 20:38 | Construir | Farm |
| 20:38 | Construir | Farm |
| 20:38 | Construir | Farm |
| 20:49 | Crear | Villager (Male) |
| 20:50 | Construir | Farm |
| 21:05 | Crear | Villager (Male) |
| 21:05 | Crear | Villager (Male) |
| 21:13 | Construir | Farm |
| 21:13 | Construir | Farm |
| 21:13 | Construir | Farm |
| 21:14 | Crear | Villager (Male) |
| 21:23 | Crear | Villager (Male) |
| 21:26 | Crear | Villager (Male) |
| 21:32 | Crear | Villager (Male) |
| 21:55 | Crear | Villager (Male) |
| 22:16 | Crear | Villager (Male) |
| 22:17 | Crear | Eagle Scout |
| 22:17 | Crear | Eagle Scout |
| 22:18 | Crear | Eagle Scout |
| 22:18 | Crear | Villager (Male) |
| 22:35 | Crear | Villager (Male) |
| 22:40 | Construir | Farm |
| 22:40 | Construir | Farm |
| 22:40 | Construir | Farm |
| 22:41 | Construir | Farm |
| 22:41 | Construir | Farm |
| 22:42 | Crear | Villager (Male) |
| 22:57 | Investigar | Chain Mail Armor |
| 23:01 | Crear | Eagle Scout |
| 23:05 | Construir | Mill |
| 23:05 | Construir | Farm |
| 23:06 | Construir | Farm |
| 23:06 | Construir | Farm |
| 23:06 | Construir | Farm |
| 23:06 | Construir | Farm |
| 23:06 | Construir | Farm |
| 23:07 | Construir | Farm |
| 23:28 | Crear | Villager (Male) |
| 23:28 | Crear | Villager (Male) |
| 23:28 | Crear | Villager (Male) |
| 23:30 | Construir | Farm |
| 23:30 | Construir | Farm |
| 23:30 | Construir | Farm |
| 23:31 | Crear | Villager (Male) |
| 23:41 | Crear | Villager (Male) |
| 24:07 | Construir | Farm |
| 24:08 | Crear | Villager (Male) |
| 24:09 | Construir | Farm |
| 24:15 | Construir | Lumber Camp |
| 24:17 | Construir | House |
| 24:19 | Construir | House |
Build order — Sasha_Kive
Primeras 150 de 593 acciones detectadas
| 0:01 | Crear | Villager (Male) ×4 |
| 0:03 | Construir | House |
| 0:05 | Construir | House |
| 1:22 | Crear | Villager (Male) |
| 1:22 | Crear | Villager (Male) |
| 1:48 | Construir | Lumber Camp |
| 2:06 | Crear | Villager (Male) |
| 2:16 | Crear | Villager (Male) |
| 2:16 | Crear | Villager (Male) |
| 2:42 | Crear | Villager (Male) |
| 3:10 | Crear | Villager (Male) |
| 3:10 | Crear | Villager (Male) |
| 3:38 | Crear | Villager (Male) |
| 3:38 | Crear | Villager (Male) |
| 4:17 | Construir | Mill |
| 4:34 | Crear | Villager (Male) |
| 4:34 | Crear | Villager (Male) |
| 4:34 | Crear | Villager (Male) |
| 5:02 | Construir | House |
| 5:05 | Investigar | Loom |
| 5:12 | Crear | Villager (Male) |
| 5:13 | Crear | Villager (Male) |
| 5:13 | Crear | Villager (Male) |
| 5:28 | Crear | Villager (Male) |
| 5:29 | Crear | Villager (Male) |
| 5:45 | Crear | Villager (Male) |
| 5:45 | Crear | Villager (Male) |
| 6:27 | Construir | House |
| 7:40 | Crear | Villager (Male) |
| 7:40 | Crear | Villager (Male) |
| 8:21 | Construir | Mining Camp |
| 8:50 | Investigar | Feudal Age |
| 9:00 | Crear | Villager (Male) |
| 9:00 | Crear | Villager (Male) |
| 9:16 | Crear | Villager (Male) |
| 9:17 | Crear | Villager (Male) |
| 9:45 | Construir | Barracks |
| 10:06 | Construir | House |
| 11:00 | Edad | Edad Feudal |
| 11:07 | Construir | Market |
| 11:30 | Construir | Blacksmith |
| 11:56 | Construir | Farm |
| 11:58 | Construir | Farm |
| 13:22 | Investigar | Castle Age |
| 13:31 | Investigar | Horse Collar |
| 13:35 | Construir | Farm |
| 13:38 | Construir | Farm |
| 13:39 | Crear | Villager (Male) |
| 14:47 | Investigar | Double-Bit Axe |
| 15:11 | Construir | House |
| 15:12 | Construir | House |
| 15:53 | Construir | Mining Camp |
| 16:02 | Edad | Edad de los Castillos |
| 16:30 | Crear | Villager (Male) |
| 16:30 | Crear | Villager (Male) |
| 16:44 | Construir | Castle |
| 17:14 | Construir | Farm |
| 17:18 | Construir | Farm |
| 17:21 | Construir | Farm |
| 17:47 | Construir | Farm |
| 17:50 | Construir | Farm |
| 17:55 | Investigar | Fletching |
| 18:01 | Construir | Farm |
| 18:04 | Construir | Farm |
| 18:09 | Crear | Ratha (Ranged) |
| 18:10 | Crear | Ratha (Ranged) |
| 18:22 | Crear | Ratha (Ranged) |
| 18:28 | Crear | Villager (Male) |
| 19:08 | Crear | Ratha (Ranged) |
| 19:15 | Investigar | Padded Archer Armor |
| 19:23 | Crear | Villager (Male) |
| 19:23 | Crear | Villager (Male) |
| 19:29 | Crear | Ratha (Ranged) |
| 19:29 | Crear | Ratha (Ranged) |
| 19:54 | Crear | Ratha (Ranged) |
| 19:54 | Crear | Ratha (Ranged) |
| 19:56 | Crear | Villager (Male) |
| 19:56 | Crear | Villager (Male) |
| 19:57 | Crear | Villager (Male) |
| 20:54 | Investigar | Bodkin Arrow |
| 20:55 | Crear | Ratha (Ranged) |
| 21:03 | Crear | Villager (Male) |
| 21:04 | Crear | Villager (Male) |
| 21:08 | Construir | Farm |
| 21:11 | Construir | Farm |
| 21:12 | Construir | Farm |
| 21:13 | Construir | Farm |
| 21:15 | Construir | Farm |
| 21:16 | Crear | Villager (Male) |
| 21:19 | Crear | Ratha (Ranged) |
| 21:19 | Crear | Ratha (Ranged) |
| 21:33 | Construir | Stable |
| 22:01 | Crear | Ratha (Ranged) |
| 22:01 | Crear | Ratha (Ranged) |
| 22:25 | Crear | Ratha (Ranged) |
| 22:25 | Crear | Ratha (Ranged) |
| 22:51 | Crear | Ratha (Ranged) |
| 22:56 | Crear | Villager (Male) |
| 22:56 | Crear | Villager (Male) |
| 22:56 | Crear | Villager (Male) |
| 22:57 | Crear | Villager (Male) |
| 22:57 | Crear | Villager (Male) |
| 23:14 | Investigar | Leather Archer Armor |
| 24:25 | Crear | Ratha (Ranged) |
| 24:25 | Crear | Ratha (Ranged) |
| 24:25 | Crear | Ratha (Ranged) |
| 24:26 | Crear | Ratha (Ranged) |
| 24:27 | Crear | Villager (Male) |
| 24:28 | Crear | Villager (Male) |
| 24:28 | Crear | Villager (Male) |
| 24:41 | Crear | Villager (Male) |
| 24:41 | Crear | Villager (Male) |
| 24:56 | Crear | Ratha (Ranged) |
| 24:57 | Crear | Ratha (Ranged) |
| 25:00 | Construir | House |
| 25:01 | Construir | House |
| 25:13 | Investigar | Bloodlines |
| 25:13 | Investigar | Husbandry |
| 25:39 | Construir | Lumber Camp |
| 25:43 | Crear | Villager (Male) |
| 25:43 | Crear | Villager (Male) |
| 25:54 | Crear | Ratha (Ranged) |
| 25:54 | Crear | Ratha (Ranged) |
| 26:01 | Investigar | Bow Saw |
| 26:26 | Crear | Ratha (Ranged) |
| 26:29 | Crear | Ratha (Ranged) |
| 26:47 | Investigar | Forging |
| 27:02 | Crear | Ratha (Ranged) |
| 27:03 | Crear | Ratha (Ranged) |
| 27:11 | Crear | Ratha (Ranged) |
| 27:11 | Crear | Ratha (Ranged) |
| 27:27 | Construir | Mining Camp |
| 27:32 | Crear | Ratha (Ranged) |
| 27:33 | Crear | Ratha (Ranged) |
| 27:44 | Construir | Lumber Camp |
| 28:17 | Crear | Ratha (Ranged) |
| 28:18 | Crear | Ratha (Ranged) |
| 28:18 | Crear | Ratha (Ranged) |
| 28:29 | Construir | House |
| 28:30 | Construir | House |
| 28:31 | Construir | House |
| 28:33 | Crear | Villager (Male) |
| 28:33 | Crear | Villager (Male) |
| 28:54 | Construir | House |
| 28:55 | Construir | House |
| 28:56 | Construir | House |
| 29:09 | Crear | Ratha (Ranged) |
| 29:10 | Crear | Ratha (Ranged) |
| 29:10 | Crear | Ratha (Ranged) |
| 29:25 | Construir | Mining Camp |
Build order — Kuro
Primeras 150 de 524 acciones detectadas
| 0:00 | Crear | Villager (Male) |
| 0:00 | Crear | Villager (Male) |
| 0:01 | Crear | Villager (Male) |
| 0:01 | Crear | Villager (Male) |
| 0:01 | Crear | Villager (Male) |
| 1:22 | Crear | Villager (Male) |
| 1:45 | Construir | Lumber Camp |
| 1:50 | Crear | Villager (Male) |
| 2:08 | Crear | Villager (Male) |
| 2:36 | Crear | Villager (Male) |
| 2:57 | Crear | Villager (Male) |
| 3:37 | Crear | Villager (Male) |
| 3:37 | Crear | Villager (Male) |
| 4:04 | Crear | Villager (Male) |
| 4:16 | Construir | Mill |
| 4:24 | Crear | Villager (Male) |
| 5:14 | Crear | Villager (Male) |
| 5:15 | Crear | Villager (Male) |
| 5:38 | Crear | Villager (Male) |
| 5:56 | Crear | Villager (Male) |
| 6:03 | Crear | Villager (Male) |
| 6:33 | Crear | Villager (Male) |
| 7:33 | Crear | Villager (Male) |
| 8:03 | Investigar | Feudal Age |
| 8:42 | Crear | Villager (Male) |
| 8:42 | Crear | Villager (Male) |
| 8:53 | Construir | Barracks |
| 10:19 | Edad | Edad Feudal |
| 10:23 | Construir | Stable |
| 10:26 | Construir | Stable |
| 10:34 | Investigar | Double-Bit Axe |
| 10:35 | Crear | Villager (Male) |
| 10:35 | Crear | Villager (Male) |
| 10:43 | Investigar | Horse Collar |
| 10:51 | Crear | Spearman |
| 10:52 | Crear | Spearman |
| 11:01 | Construir | Farm |
| 11:02 | Construir | Farm |
| 11:03 | Construir | Farm |
| 11:05 | Construir | Farm |
| 11:19 | Crear | Scout Cavalry |
| 11:19 | Crear | Scout Cavalry |
| 11:19 | Crear | Scout Cavalry |
| 11:23 | Crear | Scout Cavalry |
| 11:28 | Construir | Farm |
| 11:36 | Construir | Farm |
| 12:11 | Crear | Scout Cavalry |
| 12:12 | Crear | Scout Cavalry |
| 12:16 | Construir | Farm |
| 12:17 | Crear | Villager (Male) |
| 12:17 | Crear | Villager (Male) |
| 12:20 | Construir | Farm |
| 12:22 | Construir | Farm |
| 12:33 | Crear | Spearman |
| 12:54 | Construir | Farm |
| 12:57 | Construir | Farm |
| 13:02 | Construir | Farm |
| 13:06 | Construir | Farm |
| 13:08 | Crear | Scout Cavalry |
| 13:08 | Crear | Scout Cavalry |
| 13:11 | Crear | Villager (Male) |
| 13:11 | Crear | Villager (Male) |
| 13:15 | Construir | Farm |
| 13:17 | Construir | Farm |
| 13:39 | Crear | Villager (Male) |
| 13:39 | Crear | Villager (Male) |
| 13:58 | Crear | Villager (Male) |
| 14:02 | Construir | Farm |
| 14:04 | Crear | Villager (Male) |
| 14:14 | Construir | Mining Camp |
| 14:16 | Crear | Villager (Male) |
| 14:27 | Construir | Farm |
| 14:33 | Investigar | Bloodlines |
| 15:19 | Crear | Villager (Male) |
| 15:29 | Crear | Villager (Male) |
| 15:31 | Crear | Scout Cavalry |
| 15:31 | Crear | Scout Cavalry |
| 15:39 | Construir | Stable |
| 15:50 | Construir | Farm |
| 15:52 | Construir | Farm |
| 15:53 | Construir | Farm |
| 15:57 | Crear | Villager (Male) |
| 16:14 | Construir | Farm |
| 16:24 | Construir | Farm |
| 16:51 | Crear | Villager (Male) |
| 16:51 | Crear | Villager (Male) |
| 16:52 | Crear | Villager (Male) |
| 16:56 | Investigar | Loom |
| 17:15 | Construir | Blacksmith |
| 17:41 | Crear | Scout Cavalry |
| 17:41 | Crear | Scout Cavalry |
| 17:41 | Crear | Scout Cavalry |
| 17:45 | Crear | Spearman |
| 17:45 | Crear | Spearman |
| 18:27 | Investigar | Scale Barding Armor |
| 18:35 | Crear | Spearman |
| 18:35 | Crear | Spearman |
| 18:43 | Construir | Building 487 |
| 19:07 | Crear | Spearman |
| 19:08 | Crear | Spearman |
| 19:09 | Crear | Villager (Male) |
| 19:10 | Crear | Villager (Male) |
| 19:15 | Construir | Market |
| 19:18 | Construir | Market |
| 19:46 | Construir | Building 487 |
| 19:47 | Investigar | Scale Mail Armor |
| 19:48 | Investigar | Scale Mail Armor |
| 20:26 | Crear | Spearman |
| 20:27 | Crear | Spearman |
| 20:47 | Investigar | Castle Age |
| 21:25 | Construir | Watch Tower |
| 21:35 | Crear | Spearman |
| 21:35 | Crear | Spearman |
| 22:35 | Crear | Villager (Male) |
| 22:35 | Crear | Villager (Male) |
| 22:58 | Investigar | Forging |
| 23:26 | Edad | Edad de los Castillos |
| 23:29 | Crear | Knight |
| 23:30 | Crear | Knight |
| 23:30 | Crear | Knight |
| 23:30 | Crear | Knight |
| 23:42 | Crear | Knight |
| 23:43 | Crear | Knight |
| 24:07 | Crear | Knight |
| 24:07 | Crear | Knight |
| 24:56 | Crear | Knight |
| 24:57 | Crear | Knight |
| 25:05 | Construir | Farm |
| 26:10 | Crear | Knight |
| 26:10 | Crear | Knight |
| 26:11 | Crear | Knight |
| 26:11 | Crear | Knight |
| 26:11 | Crear | Knight |
| 26:11 | Crear | Knight |
| 26:30 | Construir | Town Center |
| 28:12 | Construir | Town Center |
| 28:26 | Construir | Stone Wall |
| 28:29 | Crear | Villager (Male) |
| 28:30 | Crear | Villager (Male) |
| 28:44 | Crear | Villager (Male) |
| 28:44 | Crear | Villager (Male) |
| 29:45 | Crear | Knight |
| 29:45 | Crear | Knight |
| 29:45 | Crear | Knight |
| 30:09 | Crear | Villager (Male) |
| 30:19 | Crear | Villager (Male) |
| 30:25 | Construir | Farm |
| 30:27 | Construir | Farm |
| 30:28 | Construir | Farm |
| 30:30 | Construir | Farm |
Build order — dylanrobinson54
Primeras 150 de 435 acciones detectadas
| 0:01 | Crear | Villager (Male) |
| 0:02 | Construir | House |
| 0:04 | Construir | House |
| 0:14 | Crear | Villager (Male) |
| 0:15 | Crear | Villager (Male) |
| 0:15 | Crear | Villager (Male) |
| 1:35 | Crear | Villager (Male) |
| 1:36 | Crear | Villager (Male) |
| 1:45 | Construir | Settlement |
| 2:04 | Crear | Villager (Male) |
| 2:37 | Crear | Villager (Male) |
| 3:17 | Crear | Villager (Male) |
| 3:38 | Crear | Villager (Male) |
| 3:40 | Crear | Villager (Male) |
| 4:07 | Crear | Villager (Male) |
| 4:51 | Crear | Villager (Male) |
| 5:05 | Crear | Villager (Male) |
| 5:15 | Crear | Villager (Male) |
| 5:25 | Construir | Settlement |
| 5:27 | Crear | Villager (Male) |
| 5:44 | Crear | Villager (Male) |
| 6:06 | Crear | Villager (Male) |
| 6:55 | Construir | House |
| 7:17 | Crear | Villager (Male) |
| 7:36 | Crear | Villager (Male) |
| 8:16 | Crear | Villager (Male) |
| 8:37 | Construir | Barracks |
| 8:52 | Crear | Villager (Male) |
| 8:55 | Investigar | Feudal Age |
| 9:49 | Construir | House |
| 9:57 | Crear | Villager (Male) |
| 9:58 | Crear | Villager (Male) |
| 10:50 | Investigar | Loom |
| 10:51 | Crear | Villager (Male) |
| 11:06 | Construir | Palisade Wall |
| 11:09 | Construir | Palisade Wall |
| 11:27 | Edad | Edad Feudal |
| 11:28 | Construir | Palisade Wall |
| 11:32 | Construir | Palisade Wall |
| 11:33 | Construir | Palisade Wall |
| 12:09 | Construir | Blacksmith |
| 12:13 | Construir | Archery Range |
| 12:16 | Crear | Villager (Male) |
| 12:26 | Construir | Archery Range |
| 12:34 | Construir | House |
| 12:46 | Crear | Villager (Male) |
| 12:55 | Construir | House |
| 12:56 | Construir | House |
| 13:09 | Investigar | Castle Age |
| 13:32 | Construir | Watch Tower |
| 13:57 | Construir | Farm |
| 14:00 | Construir | Farm |
| 14:03 | Construir | Farm |
| 14:07 | Construir | Farm |
| 14:10 | Construir | Farm |
| 14:43 | Construir | Farm |
| 14:58 | Construir | Farm |
| 15:03 | Construir | Farm |
| 15:41 | Investigar | Fletching |
| 15:51 | Edad | Edad de los Castillos |
| 15:53 | Construir | Siege Workshop |
| 15:59 | Crear | Bolas Rider |
| 15:59 | Crear | Bolas Rider |
| 15:59 | Crear | Bolas Rider |
| 16:07 | Crear | Villager (Male) |
| 16:27 | Crear | Mangonel |
| 16:46 | Crear | Bolas Rider |
| 16:46 | Crear | Bolas Rider |
| 17:13 | Crear | Mangonel |
| 17:28 | Crear | Villager (Male) |
| 17:29 | Crear | Villager (Male) |
| 17:33 | Investigar | Double-Bit Axe |
| 17:36 | Investigar | Horse Collar |
| 18:10 | Crear | Bolas Rider |
| 18:10 | Crear | Bolas Rider |
| 18:33 | Crear | Villager (Male) |
| 18:33 | Crear | Villager (Male) |
| 18:39 | Crear | Battering Ram |
| 19:06 | Crear | Villager (Male) |
| 19:06 | Crear | Villager (Male) |
| 19:16 | Crear | Bolas Rider |
| 19:23 | Crear | Bolas Rider |
| 19:23 | Crear | Bolas Rider |
| 19:50 | Crear | Bolas Rider |
| 19:52 | Crear | Bolas Rider |
| 19:54 | Crear | Villager (Male) |
| 20:18 | Crear | Bolas Rider |
| 20:30 | Crear | Villager (Male) |
| 20:35 | Crear | Bolas Rider |
| 20:39 | Investigar | Gold Mining |
| 20:54 | Crear | Bolas Rider |
| 21:07 | Crear | Villager (Male) |
| 21:16 | Construir | University |
| 21:31 | Crear | Bolas Rider |
| 21:31 | Crear | Bolas Rider |
| 21:31 | Crear | Bolas Rider |
| 21:35 | Crear | Skirmisher |
| 21:53 | Crear | Villager (Male) |
| 21:59 | Crear | Bolas Rider |
| 21:59 | Crear | Bolas Rider |
| 22:05 | Crear | Villager (Male) |
| 22:07 | Construir | Archery Range |
| 22:10 | Construir | House |
| 22:11 | Construir | House |
| 22:11 | Construir | House |
| 22:11 | Construir | House |
| 22:12 | Construir | House |
| 22:37 | Crear | Bolas Rider |
| 22:37 | Crear | Bolas Rider |
| 22:37 | Crear | Bolas Rider |
| 22:39 | Crear | Villager (Male) |
| 22:39 | Crear | Villager (Male) |
| 22:58 | Crear | Mangonel |
| 23:16 | Investigar | Padded Archer Armor |
| 23:28 | Crear | Bolas Rider |
| 23:29 | Crear | Bolas Rider |
| 23:29 | Crear | Bolas Rider |
| 23:58 | Crear | Villager (Male) |
| 23:59 | Crear | Villager (Male) |
| 24:07 | Crear | Bolas Rider |
| 24:07 | Crear | Bolas Rider |
| 24:14 | Crear | Villager (Male) |
| 25:00 | Construir | Farm |
| 25:01 | Construir | Farm |
| 25:03 | Investigar | Bow Saw |
| 25:47 | Crear | Villager (Male) |
| 25:50 | Crear | Bolas Rider |
| 25:50 | Crear | Bolas Rider |
| 25:50 | Crear | Bolas Rider |
| 25:50 | Crear | Bolas Rider |
| 25:51 | Crear | Bolas Rider |
| 25:51 | Crear | Bolas Rider |
| 26:09 | Investigar | Ballistics |
| 26:12 | Crear | Villager (Male) |
| 26:22 | Construir | House |
| 26:23 | Construir | House |
| 26:24 | Construir | House |
| 26:37 | Investigar | Town Watch |
| 26:48 | Construir | Town Center |
| 26:58 | Crear | Bolas Rider |
| 26:58 | Crear | Bolas Rider |
| 27:02 | Crear | Villager (Male) |
| 27:02 | Crear | Villager (Male) |
| 27:46 | Crear | Villager (Male) |
| 27:47 | Crear | Villager (Male) |
| 27:49 | Construir | Farm |
| 27:50 | Construir | Farm |
| 27:55 | Construir | Farm |
| 27:56 | Construir | Farm |
| 27:56 | Construir | Farm |
Cronología de la partida
| 7:47 | Nduku · first_building Barracks |
| 8:24 | OS | Pierovic · first_building Barracks |
| 8:37 | dylanrobinson54 · first_building Barracks |
| 8:53 | Kuro · first_building Barracks |
| 9:16 | OS | Pierovic · age_up feudal |
| 9:24 | OS | Pierovic · first_building Archery Range |
| 9:30 | Nduku · age_up feudal |
| 9:45 | Sasha_Kive · first_building Barracks |
| 10:07 | Coach_E · first_building Barracks |
| 10:07 | OS | Gr0uch0_ · first_building Barracks |
| 10:19 | Kuro · age_up feudal |
| 10:23 | Kuro · first_building Stable |
| 10:28 | Nduku · first_building Archery Range |
| 11:00 | Sasha_Kive · age_up feudal |
| 11:01 | chubstorm · age_up feudal |
| 11:06 | dylanrobinson54 · wall_segment Palisade Wall x7 |
| 11:09 | dylanrobinson54 · wall_segment Palisade Wall x6 |
| 11:27 | dylanrobinson54 · age_up feudal |
| 11:27 | OS | Gr0uch0_ · age_up feudal |
| 11:28 | dylanrobinson54 · wall_segment Palisade Wall x2 |
| 11:29 | OS | Gr0uch0_ · first_building Stable |
| 11:32 | dylanrobinson54 · wall_segment Palisade Wall x1 |
| 11:33 | dylanrobinson54 · wall_segment Palisade Wall x1 |
| 12:07 | Sasha_Kive · first_market_sell 100 stone |
| 12:09 | Coach_E · age_up feudal |
| 12:13 | dylanrobinson54 · first_building Archery Range |
| 12:16 | Sasha_Kive · first_market_buy 100 food |
| 12:48 | chubstorm · first_building Barracks |
| 13:11 | Coach_E · first_market_buy 100 food |
| 14:15 | Coach_E · first_building Archery Range |
| 14:52 | chubstorm · age_up castle |
| 14:52 | Nduku · wall_segment Stone Wall x1 |
| 15:05 | OS | Gr0uch0_ · age_up castle |
| 15:09 | Nduku · wall_segment Stone Wall x1 |
| 15:46 | Nduku · wall_segment Stone Wall x4 |
| 15:51 | dylanrobinson54 · age_up castle |
| 15:53 | dylanrobinson54 · first_building Siege Workshop |
| 16:02 | Sasha_Kive · age_up castle |
| 16:14 | Coach_E · age_up castle |
| 16:42 | Coach_E · first_market_sell 100 stone |
| 16:44 | Sasha_Kive · first_building Castle |
| 17:04 | Nduku · wall_segment Palisade Wall x1 |
| 17:06 | Nduku · wall_segment Palisade Wall x1 |
| 17:34 | Nduku · wall_segment Stone Wall x5 |
| 17:37 | Nduku · wall_segment Stone Wall x5 |
| 18:14 | Nduku · wall_segment Stone Wall x3 |
| 18:15 | chubstorm · first_market_buy 100 food |
| 18:46 | chubstorm · wall_segment Palisade Wall x1 |
| 18:47 | Nduku · wall_segment Stone Wall x3 |
| 19:28 | chubstorm · first_market_sell 100 wood |
| 20:37 | Nduku · wall_segment Stone Wall x9 |
| 20:55 | Nduku · wall_segment Stone Wall x7 |
| 21:33 | Sasha_Kive · first_building Stable |
| 21:48 | OS | Pierovic · age_up castle |
| 22:33 | Nduku · age_up castle |
| 23:26 | Kuro · age_up castle |
| 24:26 | Nduku · wall_segment Stone Wall x1 |
| 24:30 | Nduku · wall_segment Stone Wall x1 |
| 24:38 | Nduku · wall_segment Stone Wall x1 |
| 24:39 | Nduku · wall_segment Stone Wall x1 |
| 24:40 | Nduku · wall_segment Stone Wall x1 |
| 26:08 | Kuro · first_market_sell 100 wood |
| 26:24 | Kuro · first_market_buy 100 stone |
| 26:38 | Coach_E · wall_segment Stone Wall x1 |
| 28:14 | OS | Gr0uch0_ · first_building Monastery |
| 28:26 | Kuro · wall_segment Stone Wall x1 |
| 29:01 | Coach_E · first_building Castle |
| 30:18 | OS | Gr0uch0_ · first_market_sell 100 food |
| 30:19 | chubstorm · first_building Monastery |
| 30:20 | OS | Pierovic · first_building Monastery |
| 31:09 | OS | Gr0uch0_ · wall_segment Palisade Wall x1 |
| 31:22 | dylanrobinson54 · first_building Castle |
| 32:24 | chubstorm · first_building Castle |
| 32:31 | Coach_E · wall_segment Stone Wall x7 |
| 32:58 | chubstorm · first_building Siege Workshop |
| 33:47 | OS | Gr0uch0_ · age_up imperial |
| 34:05 | chubstorm · age_up imperial |
| 34:51 | OS | Pierovic · first_building Siege Workshop |
| 36:14 | OS | Pierovic · first_building Castle |
| 36:45 | OS | Pierovic · age_up imperial |
| 36:48 | Nduku · first_market_buy 100 stone |
| 36:58 | Nduku · first_building Castle |
| 37:27 | Coach_E · age_up imperial |
| 37:34 | Nduku · wall_segment Stone Wall x1 |
| 40:10 | Sasha_Kive · age_up imperial |
| 40:44 | Kuro · wall_segment Stone Wall x6 |
| 40:46 | Kuro · wall_segment Stone Wall x4 |
| 41:27 | Kuro · wall_segment Stone Wall x4 |
| 41:28 | Kuro · wall_segment Stone Wall x4 |
| 42:09 | Nduku · wall_segment Stone Wall x8 |
| 42:15 | Nduku · wall_segment Stone Wall x9 |
| 42:25 | Nduku · wall_segment Stone Wall x2 |
| 43:08 | dylanrobinson54 · age_up imperial |
| 43:44 | dylanrobinson54 · first_market_sell 500 food |
| 44:11 | chubstorm · wall_segment Palisade Wall x1 |
| 44:30 | Nduku · wall_segment Stone Wall x9 |
| 45:38 | OS | Pierovic · first_market_sell 100 food |
| 45:39 | OS | Gr0uch0_ · first_building Siege Workshop |
| 45:48 | chubstorm · wall_segment Stone Wall x43 |
| 46:00 | OS | Gr0uch0_ · first_building Castle |
| 46:47 | Nduku · wall_segment Stone Wall x5 |
| 46:59 | Nduku · wall_segment Stone Wall x1 |
| 47:07 | Nduku · wall_segment Stone Wall x6 |
| 49:32 | Nduku · wall_segment Stone Wall x5 |
| 49:36 | Nduku · wall_segment Stone Wall x1 |
| 50:05 | Nduku · wall_segment Stone Wall x11 |
| 50:36 | Nduku · wall_segment Stone Wall x5 |
| 50:40 | Nduku · wall_segment Stone Wall x9 |
| 51:43 | Nduku · wall_segment Stone Wall x13 |
| 51:55 | Nduku · wall_segment Stone Wall x11 |
| 53:04 | dylanrobinson54 · tribute_sent a jugador 1 |
| 53:04 | dylanrobinson54 · tribute_sent a jugador 2 |
| 53:04 | dylanrobinson54 · tribute_sent a jugador 3 |
| 53:04 | dylanrobinson54 · tribute_sent a jugador 4 |
| 53:04 | dylanrobinson54 · tribute_sent a jugador 5 |
| 53:04 | dylanrobinson54 · tribute_sent a jugador 6 |
| 53:04 | dylanrobinson54 · tribute_sent a jugador 7 |
| 53:15 | Nduku · wall_segment Stone Wall x4 |
| 53:23 | Nduku · wall_segment Stone Wall x12 |
| 53:54 | Nduku · age_up imperial |
| 54:02 | Nduku · first_market_sell 500 wood |
| 54:54 | dylanrobinson54 · first_market_buy 100 wood |
| 56:00 | OS | Gr0uch0_ · first_market_buy 100 wood |
| 56:49 | dylanrobinson54 · tribute_sent a jugador 1 |
| 56:49 | dylanrobinson54 · tribute_sent a jugador 2 |
| 56:49 | dylanrobinson54 · tribute_sent a jugador 3 |
| 56:49 | dylanrobinson54 · tribute_sent a jugador 4 |
| 56:49 | dylanrobinson54 · tribute_sent a jugador 5 |
| 56:50 | dylanrobinson54 · tribute_sent a jugador 6 |
| 56:50 | dylanrobinson54 · tribute_sent a jugador 7 |
| 57:12 | OS | Pierovic · tribute_sent a jugador 1 |
| 57:12 | OS | Pierovic · tribute_sent a jugador 2 |
| 57:12 | OS | Pierovic · tribute_sent a jugador 4 |
| 57:12 | OS | Pierovic · tribute_sent a jugador 5 |
| 57:12 | OS | Pierovic · tribute_sent a jugador 6 |
| 57:12 | OS | Pierovic · tribute_sent a jugador 7 |
| 57:12 | OS | Pierovic · tribute_sent a jugador 8 |
| 58:52 | chubstorm · first_building Archery Range |
| 60:08 | Nduku · first_building Siege Workshop |
| 61:58 | Nduku · wall_segment Stone Wall x12 |
| 65:26 | OS | Pierovic · tribute_sent a jugador 1 |
| 65:26 | OS | Pierovic · tribute_sent a jugador 2 |
| 65:26 | OS | Pierovic · tribute_sent a jugador 4 |
| 65:26 | OS | Pierovic · tribute_sent a jugador 5 |
| 65:26 | OS | Pierovic · tribute_sent a jugador 6 |
| 65:26 | OS | Pierovic · tribute_sent a jugador 7 |
| 65:26 | OS | Pierovic · tribute_sent a jugador 8 |
| 65:46 | chubstorm · resign |
[ ANÁLISIS IA · 1 CRÉDITO ]
¿Qué pasó realmente en esta partida?
Wolo.gg analiza cada decisión: build order, eco, micro, errores típicos por bracket. Análisis personalizado por WhatsApp o Discord en 30 segundos.
Guía civ
Turcos
Perfil
Jugador #349119